 Dungeon Crawl Stone Soup version 0.31-a0-441-g867994ef1c (webtiles) character file.

Game seed: 5640694131285544008

2328 randomguy2701 the Destroyer (level 9, -2/48 (52) HPs)
             Began as an Octopode Conjurer on Aug 2, 2023.
             Was an Initiate of Sif Muna.
             Slain by a wight
             ... wielding a +3 short sword
              (3 damage)
             ... on level 8 of the Dungeon.
             The game lasted 00:20:51 (9129 turns).

randomguy2701 the Destroyer (Octopode Conjurer)     Turns: 9129, Time: 00:20:52

HP:   -2/48 (52)    AC:  5    Str:  6    XL:     9   Next: 42%
MP:   25/29         EV: 13    Int: 39    God:    Sif Muna [......]
Gold: 423           SH:  0    Dex:  9    Spells: 16/23 levels left

rFire   x . .        u - staff of a volcano {rPois rF- rC+ Int+9 Dex-2 Ice}
rCold   + . .        (no shield)
rNeg    . . .        (helmet restricted)
rPois   +            w - amulet of magic regeneration
rElec   .            e - +4 ring of protection
rCorr   .            i - +6 ring of intelligence
SInv    .            r - ring of flight
Will    .....        s - ring of magical power
Stlth   +++          (no ring)
HPRegen 0.28/turn    (no ring)
MPRegen 0.61/turn    (no ring)
                     (no ring)

%: no passive effects
@: flying, drained
A: almost no armour, amphibious, 8 rings, camouflage 1, gelatinous body 1,
(nimble swimmer 1), tentacles
a: Renounce Religion


You were on level 8 of the Dungeon.
You worshipped Sif Muna.
Sif Muna was noncommittal.
You visited 2 branches of the dungeon, and saw 9 of its levels.

You collected 423 gold pieces.

Inventory:

Magical Staves
 u - the staff of a volcano (weapon) {rPois rF- rC+ Int+9 Dex-2 Ice}
   (You found it on level 4 of the Dungeon)

   [staff of cold]

   Base accuracy: +5 Base damage: 5 Base attack delay: 1.2 This weapon's minimum
   attack delay (0.6) is reached at skill level 12.
   Int:       It affects your intelligence (+9).
   Dex:       It affects your dexterity (-2).
   rF:        It makes you vulnerable to fire.
   rC:        It protects you from cold.
   rPois:     It protects you from poison.
   Ice:       It increases the power of your Ice spells.
   It falls into the 'Staves' category.
   It is a one-tentacled weapon.
Jewellery
 e - a +4 ring of protection (left tentacle)
 i - a +6 ring of intelligence (right tentacle)
 k - an amulet of guardian spirit
 r - a ring of flight (on tentacle)
 s - a ring of magical power (on tentacle)
 w - an amulet of magic regeneration (around mantle)
 y - a ring of willpower
Wands
 x - a wand of digging (8)
 A - a wand of flame (14)
Scrolls
 b - a scroll of poison {unknown}
 c - 7 scrolls of identify
 d - 4 scrolls of teleportation {unknown}
 h - 3 scrolls of blinking {unknown}
 j - a scroll of amnesia {unknown}
 l - 2 scrolls of fear {unknown}
 m - 2 scrolls of revelation {unknown}
 o - a scroll of fog {unknown}
 p - a scroll of enchant weapon
 v - 2 scrolls of immolation {unknown}
 B - a scroll of butterflies {unknown}
Potions
 a - a potion of magic
 f - 3 potions of attraction
 g - 6 potions of curing
 n - a potion of degeneration
 q - a potion of enlightenment
 t - 3 potions of mutation {unknown}
 z - a potion of heal wounds {unknown}


   Skills:
 + Level 0.3 Fighting
 + Level 3.5 Dodging
 + Level 4.4 Stealth
 + Level 0.1 Unarmed Combat
 + Level 7.6 Spellcasting
 + Level 9.2 Conjurations
 + Level 1.3 Ice Magic


You had 16 spell levels left.
You knew the following spells:

 Your Spells              Type           Power      Damage    Failure   Level
a - Magic Dart            Conj           100%       1d8       1%          1
b - Searing Ray           Conj           100%       2d8       1%          2
c - Hailstorm             Conj/Ice       71%        3d15      1%          3
d - Freeze                Ice            100%       1d10      1%          1

Your spell library contained the following spells:

 Spells                   Type           Power      Damage    Failure   Level
 Kiss of Death            Conj/Necr      100%       2d13      1%          1
 Dazzling Flash           Conj/Hex       100%       N/A       1%          3
 Cigotuvi's Dreadful Rot  Necr/Pois/Air  28%        N/A       3%          2
 Fulminant Prism          Conj/Hex       25%        3d14      3%          4
 Iskenderun's Mystic Bla  Conj/Tloc      50%        2d11      3%          4
 Frozen Ramparts          Ice            76%        1d12      4%          3
 Confusing Touch          Hex            14%        N/A       8%          3
 Ignite Poison            Fire/Tmut/Pois 14%        N/A       8%          3
 Inner Flame              Hex/Fire       14%        N/A       8%          3
 Portal Projectile        Hex/Tloc       28%        N/A       8%          3
 Tukima's Dance           Hex            14%        N/A       8%          3
 Fireball                 Conj/Fire      25%        3d11      10%         5
 Freezing Cloud           Conj/Ice/Air   29%        6-21      16%         5
 Cause Fear               Hex            7%         N/A       24%         4
 Dispel Undead            Necr           14%        3d10      24%         4
 Yara's Violent Unravell  Hex/Tmut       7%         3d5       56%         5
 Enfeeble                 Hex            7%         N/A       100%        7
 Dragon's Call            Summ           7%         N/A       100%        9


Dungeon Overview and Level Annotations

Branches:
Dungeon (8/15)             Temple (1/1) D:5
   Lair: D:8-11

Altars:
Ashenzari
Cheibriados
Dithmenos
Elyvilon
Fedhas
Hepliaklqana
Kikubaaqudgha
Makhleb
Nemelex Xobeh
Okawaru
Ru
Sif Muna
Trog
Uskayaw
Vehumet
Wu Jian
Xom
Yredelemnul
Zin
The Shining One

Annotations:
D:1 1 transporter


Innate Abilities, Weirdness & Mutations

You cannot wear most types of armour.
You are amphibious.
You can wear up to eight rings at the same time.
Your skin changes colour to match your surroundings (Stealth+).
Your rubbery body absorbs attacks. (AC +1, EV +1)
((You are camouflaged when in or above water. (Stealth+)))
You have tentacles for arms and can constrict up to eight enemies at once.


Message History

You feel a surge of power!
A cannonade of hail descends around you!
The hail pelts the wight!
The wight partially resists.
The wight is almost destroyed.
The hail pelts the wight!
The wight partially resists.
The wight is almost destroyed.
The hail pelts the wight!
The wight partially resists.
The wight is almost destroyed.
Casting: Hailstorm (safe; 1% risk of failure)
Confirm with . or Enter, or press ? or * to list all spells.
Aiming: Freeze (safe; 1% risk of failure)
Press: ? - help, Shift-Dir - straight line, f - wight
Aim: a wight, wielding a +0 dire flail and wearing a +0 robe (severely damaged)
You feel a surge of power!
You freeze the wight.
The wight resists.
The wight is almost destroyed.
A centaur comes into view.
The wight hits you with a +0 dire flail!
You feel drained.
The wight hits you from afar with a +0 spear!
You feel drained.
Casting: Freeze (safe; 1% risk of failure)
Confirm with . or Enter, or press ? or * to list all spells.
Aiming: Searing Ray (safe; 1% risk of failure)
Press: ? - help, Shift-Dir - straight line, f - wight, p - wight
Aim: a wight, wielding a +3 flail and wearing a +0 robe (83% to hit)
The searing ray misses the wight.
The searing ray hits the wight.
The wight is moderately damaged. (Press . to maintain the ray.)
The centaur shouts!
The centaur wields a +0 orcbow.
The centaur shoots an arrow.
The arrow closely misses you.
The wight hits you with a +0 dire flail!
* * * LOW HITPOINT WARNING * * *
The wight hits you from afar with a +0 spear.
* * * LOW HITPOINT WARNING * * *
The centaur shoots an arrow.
The arrow hits you.
* * * LOW HITPOINT WARNING * * *
The wight barely misses you.
The wight hits you with a +3 short sword.
You die...

### ########## >..
#........# #.#
#........#
##(#..###z.......#
..........<..$...#
.##..@z...?....#
#......zz...#####
#######......=.
.[[...###
........#
##....?..#
#.c.....#
#.......#


You could see a centaur and 4 wights.

Vanquished Creatures
  A yak (D:5)
  A steam dragon (D:7)
  A water moccasin (D:5)
  An orc warrior (D:6)
  A black bear (D:7)
  An ice beast (D:5)
  3 ogres
  2 phantoms
  Blork the orc (D:5)
  4 scorpions
  2 howler monkeys (D:5)
  5 hounds
  An orc priest (D:7)
  3 jellies
  Terence (D:3)
  5 iguanas
  5 orc wizards
  Robin (D:3)
  7 gnolls
  9 adders
  2 shadow imps
  A white imp (D:6)
  An ufetubus (D:5)
  2 worms (D:2)
  4 dart slugs
  23 orcs
  8 ball pythons
  14 endoplasms
  2 giant cockroaches
  19 goblins
  11 hobgoblins
  4 jackals (D:4)
  6 kobolds
  4 quokkas
  6 bats
  4 frilled lizards
  11 rats
177 creatures vanquished.

Notes
Turn   | Place    | Note
-------+----------+-------------------------------------------
     0 | D:1      | randomguy2701 the Octopode Conjurer began the quest for the
                  | Orb.
     0 | D:1      | Reached XP level 1. HP: 11/11 MP: 3/3
   154 | D:1      | Reached XP level 2. HP: 17/17 MP: 1/5
   662 | D:1      | Reached XP level 3. HP: 21/21 MP: 0/6
  1349 | D:2      | Reached skill level 5 in Conjurations
  1452 | D:2      | Reached XP level 4. HP: 27/27 MP: 4/7
  2390 | D:2      | Learned a level 2 spell: Searing Ray
  2458 | D:3      | Noticed Robin
  2783 | D:3      | Reached XP level 5. HP: 31/31 MP: 7/9
  3069 | D:3      | Killed Robin
  3266 | D:3      | Found a faded altar of an unknown god.
  3498 | D:3      | Noticed Terence
  3503 | D:3      | Killed Terence
  3632 | D:3      | Noticed a phantom
  4081 | D:3      | Killed a phantom
  4082 | D:3      | Reached XP level 6. HP: 28/36 MP: 0/11
  4442 | D:4      | Found a hazy altar of Hepliaklqana.
  4517 | D:4      | Reached skill level 6 in Conjurations
  4901 | D:4      | Reached XP level 7. HP: 41/41 MP: 4/13
  5133 | D:4      | Found a glowing golden altar of the Shining One.
  5355 | D:4      | Reached skill level 5 in Spellcasting
  5921 | D:4      | Identified the staff of a volcano {rPois rF- rC+ Int+9
                  | Dex-2 Ice}
  6268 | D:5      | Entered Level 5 of the Dungeon
  6560 | D:4      | Reached skill level 7 in Conjurations
  6786 | D:5      | Learned a level 3 spell: Hailstorm
  6822 | D:5      | Reached XP level 8. HP: 46/46 MP: 16/16
  7219 | D:5      | Noticed Blork the orc
  7226 | D:5      | Killed Blork the orc
  7279 | D:5      | Reached skill level 8 in Conjurations
  7469 | D:5      | Found a staircase to the Ecumenical Temple.
  7477 | D:5      | Noticed a yak
  7495 | D:5      | Killed a yak
  7729 | Temple   | Entered the Ecumenical Temple
  7752 | Temple   | Became a worshipper of Sif Muna the Loreminder
  7856 | D:5      | Learned a level 1 spell: Freeze
  7904 | D:6      | Reached XP level 9. HP: 52/52 MP: 16/19
  8024 | D:6      | Reached skill level 1 in Ice Magic
  8207 | D:6      | Identified the +0 chain mail of Loss {Rampage rF+++ Int-2
                  | Dex-4}
  8487 | D:7      | Reached skill level 9 in Conjurations
  8818 | D:7      | Found a snail-covered altar of Cheibriados.
  8954 | D:7      | Found an iron altar of Okawaru.
  9129 | D:8      | HP: 1/48 [centaur/arrow (6)]
  9129 | D:8      | Slain by a wight

Illustrated notes

Levels and vault maps discovered:
D:1:      spicycebolla_arrival_risky_transporter, layout_loops_ring,
          minivault_26, minmay_heptomino_h4
D:2:      layout_basic, kennysheep_path_1
D:3:      layout_basic, shapermc_ecumenical_altar_ellora, dk_noncrumbling_4,
          grunt_ministairs_15, uniq_terence, uniq_robin
D:4:      kennysheep_spiral_hall, layout_loops_ring, tso_metal_star,
          mainiacjoe_overflow_brackets, minmay_checkerbox
D:5:      layout_cave_pools, minmay_temple_entry_sparse_star,
          minmay_divided_ellipse, uniq_blork_the_orc
D:6:      layout_rooms
D:7:      layout_basic, overflow_temple_1_default, kennysheep_slug_shrine
D:8:      layout_basic, lair_entry_dummy
Temple:   nicolae_temple_elliptical

Skill      XL: |  1  2  3  4  5  6  7  8  9 |
---------------+----------------------------+-----
Stealth        | 3 4 |  4.4
Conjurations   | 5 6 7 8 9 |  9.2
Spellcasting   | 3 4 5 7 |  7.6
Dodging        | 3 |  3.5
Ice Magic      | 1 |  1.3
Fighting       | |  0.3
Unarmed Combat | |  0.1

Action                     |  1- 3 |  4- 6 |  7- 9 || total
---------------------------+-------+-------+-------++-------
  Melee: Unarmed           |     1 |     7 |       ||     8
         Tentacles         |     1 |     3 |       ||     4
         Constrict         |     1 |       |       ||     1
   Cast: Magic Dart        |    65 |   183 |   191 ||   439
         Searing Ray       |       |     6 |    14 ||    20
         Hailstorm         |       |       |    18 ||    18
         Freeze            |       |       |     5 ||     5
    Use: Scroll            |       |     5 |       ||     5
 Armour: Skin              |       |    13 |    11 ||    24
  Dodge: Dodged            |       |    32 |    45 ||    77

Table legend: (Time is in decaauts)
 A = Elapsed time spent in this place.
 B = Non-inter-level travel time spent in this place.
 C = Inter-level travel time spent in this place.
 D = Time resting spent in this place.
 E = Time spent auto-exploring this place.
 F = Levels seen in this place.
 G = Mean time per level.
                   A        B        C        D        E       F      G
               +--------+--------+--------+--------+--------+-----+--------+
         Total |   9127 |   8160 |    967 |      0 |   7045 |   9 | 1014.1 |
       Dungeon |   9071 |   8149 |    922 |      0 |   7045 |   8 | 1133.9 |
        Temple |     56 |     11 |     45 |      0 |      0 |   1 |   56.0 |
               +--------+--------+--------+--------+--------+-----+--------+

Top non-repeatable levels by time:
     D:4: 2388 daAuts
     D:2: 1754 daAuts
     D:3: 1385 daAuts
     D:1: 1194 daAuts
     D:5: 1089 daAuts
     D:7: 722 daAuts
     D:6: 530 daAuts
  Temple: 56 daAuts
     D:8: 5 daAuts
